 Dungeon Crawl Stone Soup version 0.26-a0-652-gafc20e3620 (webtiles) character file.

Game seed: 5391372918449575159

969 smeego the Slasher (level 8, -32/54 HPs)
             Began as an Octopode Fighter on Oct 3, 2020.
             Killed from afar by a black bear (48 damage)
             ... with an exploding inner flame
             ... hexed by the player character
             ... on level 8 of the Dungeon.
             The game lasted 00:05:04 (5431 turns).

smeego the Slasher (Octopode Fighter)               Turns: 5431, Time: 00:05:04

Health: -32/54     AC:  1    Str: 15    XL:     8   Next: 16%
Magic:  8/8        EV: 12    Int: 13    God:
Gold:   338        SH: 10    Dex: 11    Spells: 7/7 levels left

rFire    . . .     SeeInvis +   a - +1 long sword
rCold    . . .     Faith    .   b - +1 kite shield
rNeg     . . .     Spirit   .   (helmet restricted)
rPois    .         Reflect  .   h - amulet of regeneration
rElec    .         Harm     .   f - ring of see invisible
rCorr    .         Rampage  .   (no ring)
MR       .....                  (no ring)
Stlth    +++.......             (no ring)
HPRegen  0.58/turn              (no ring)
MPRegen  0.11/turn              (no ring)
                                (no ring)
                                (no ring)

@: no status effects
A: almost no armour, stealthy swim, amphibious, 8 rings, constrict 8, camouflage
1, gelatinous body 1
a: no special abilities


You were on level 8 of the Dungeon.
You visited 1 branch of the dungeon, and saw 6 of its levels.

You collected 338 gold pieces.

Inventory:

Hand Weapons
 a - a +1 long sword (weapon)
 o - a +0 dagger
Missiles
 e - 18 poisoned darts (quivered)
 g - 57 sling bullets
 u - 6 boomerangs
Armour
 b - a +1 kite shield (worn)
Jewellery
 f - a ring of see invisible (left tentacle)
 h - an amulet of regeneration (around mantle)
Wands
 i - a wand of flame (11)
 w - a wand of polymorph (12)
Scrolls
 j - 6 scrolls of enchant weapon
 l - 5 scrolls of remove curse
 p - a scroll of blinking {unknown}
 q - a scroll of enchant armour
 t - a scroll of amnesia
 x - a scroll of immolation
 y - a scroll of fog {unknown}
Potions
 c - a potion of might
 d - a potion of lignification
 k - a potion of curing
 n - a potion of invisibility
 r - 2 potions of ambrosia
 s - a potion of degeneration {unknown}
 v - a potion of stabbing {unknown}
 z - a potion of mutation {unknown}


   Skills:
 + Level 4.4 Fighting
 * Level 5.0 Long Blades
 + Level 2.9 Throwing
 + Level 4.2 Dodging
 + Level 4.0 Stealth
 + Level 4.3 Shields
 + Level 2.8 Unarmed Combat


You had 7 spell levels left.
You didn't know any spells.
Your spell library was empty.

Dungeon Overview and Level Annotations

Branches:
Dungeon (5/15)
 Temple: D:4-7

Altars:
Okawaru
Uskayaw
Yredelemnul
The Shining One

Shops:
D:4 (

Annotations:
D:5 2 runed translucent doors, quoriil's ghost, novice DsWn


Innate Abilities, Weirdness & Mutations

You cannot wear most types of armour.
You are very stealthy in the water. (Stealth+)
You are amphibious.
You can wear up to eight rings at the same time.
You can use your tentacles to constrict eight enemies at once.
Your skin changes colour to match your surroundings (Stealth+).
Your rubbery body absorbs attacks. (AC +1, EV +1)


Message History

You block the black bear's attack. The howler monkey barely misses you.
You riposte.
You closely miss the howler monkey. You grab the howler monkey.
A manticore comes into view.
The jelly misses you.
You riposte.
You hit the jelly.
Flame seeps out of the jelly.
The jelly is lightly wounded.
You release your grip on the howler monkey.
The jelly is engulfed in blazing flames.
The jelly explodes!
The fiery explosion engulfs the orc warrior!!
The orc warrior explodes!
The fiery explosion engulfs the orc!!!
The orc explodes!
Your Long Blades skill increases to level 5!
Your Stealth skill increases to level 4!
The fiery explosion engulfs the black bear!!
The black bear explodes!
The fiery explosion engulfs you!!!
Ouch! That really hurt!
You die...

..#..#..## ..#......#
#### .........##
####..####
..........###..#.....#
.....#...###.....P.P.#
........###......._..#
....Zh#####.§§§§.P.P.#
...ooo# #..§§§○§§....#
...$.h###..#§§§§@.##
........#h.##§§h§....#
.......oo...#.....####
#......o.....###..#
#...#....Hh...#####
.....u........#
..............#
.##.........###
.).........##


You could see a manticore and 2 howler monkeys.

Vanquished Creatures
  Sigmund (D:3)
  Eustachio (D:4)
  An orc warrior (D:8)
  A gnoll sergeant (D:5)
  3 scorpions (D:4)
  A bullfrog zombie (D:5)
  An orc priest (D:8)
  A centaur skeleton (D:4)
  3 worker ants (D:4)
  4 gnolls
  8 adders
  An ooze (D:3)
  3 worms
  4 dart slugs
  3 leopard geckos
  2 orcs
  13 bats
  11 goblins
  13 hobgoblins
  11 jackals
  A ball python zombie (D:2)
  3 frilled lizards
  8 kobolds
  10 rats
108 creatures vanquished.

Notes
Turn   | Place    | Note
-------+----------+-------------------------------------------
     0 | D:1      | smeego the Octopode Fighter began the quest for the Orb.
     0 | D:1      | Reached XP level 1. HP: 16/16 MP: 1/1
    69 | D:1      | Reached XP level 2. HP: 21/21 MP: 2/2
   285 | D:1      | Reached XP level 3. HP: 6/26 MP: 3/3
   747 | D:1      | Reached skill level 1 in Stealth
  1553 | D:2      | Reached XP level 4. HP: 31/31 MP: 4/4
  1573 | D:2      | Reached skill level 1 in Unarmed Combat
  1874 | D:2      | Found a glowing golden altar of the Shining One.
  1914 | D:2      | Reached skill level 3 in Long Blades
  1914 | D:2      | Reached skill level 1 in Throwing
  2336 | D:2      | Found an iron altar of Okawaru.
  2718 | D:3      | Reached XP level 5. HP: 31/36 MP: 5/5
  3179 | D:3      | Noticed Sigmund
  3187 | D:3      | Killed Sigmund
  3187 | D:3      | Reached XP level 6. HP: 13/43 MP: 6/6
  3803 | D:4      | Reached skill level 4 in Long Blades
  4032 | D:4      | Noticed Eustachio
  4038 | D:4      | Killed Eustachio
  4038 | D:4      | Reached XP level 7. HP: 47/48 MP: 7/7
  4260 | D:4      | Found Gupusomu's Antique Weapon Shoppe.
  4364 | D:4      | Found a hide-covered altar of Uskayaw.
  4870 | D:5      | Entered Level 5 of the Dungeon
  5066 | D:5      | Reached XP level 8. HP: 40/54 MP: 8/8
  5182 | D:5      | Found a large runed translucent door.
  5182 | D:5      | Found a large runed translucent door.
  5186 | D:5      | Noticed quoriil's ghost (novice DsWn)
  5386 | D:5      | You fall into a shaft and drop 3 floors!
  5419 | D:8      | Noticed a cyan ugly thing
  5422 | D:8      | Found a basalt altar of Yredelemnul.
  5430 | D:8      | Noticed a manticore
  5431 | D:8      | Reached skill level 5 in Long Blades
  5431 | D:8      | Killed from afar by a black bear

Illustrated notes

Levels and vault maps discovered:
D:1:      nzn_arrival_water_spiral, layout_loops_corners
D:2:      layout_basic, kennysheep_okawaru_gauntlet,
          nicolae_tso_swordbearing_angel, kennysheep_path_1, nrook_loot_triangle
D:3:      layout_loops_corners, uniq_sigmund
D:4:      layout_basic, serial_shops, nicolae_shop_stone,
          minmay_misc_feat_encased, pf_just_have_faith, uniq_eustachio
D:5:      layout_layer_cave, ebering_ghost_disaster_area
D:8:      minmay_bloctagon_deflated, layout_cave_pools,
          yredelemnul_altar_generic

Skill      XL: |  1  2  3  4  5  6  7  8 |
---------------+-------------------------+-----
Stealth        | 1 2 3 4 |  4.0
Unarmed Combat | 1 2 |  2.8
Long Blades    | 3 4 5 |  5.0
Throwing       | 1 2 |  2.9
Fighting       | 4 |  4.4
Dodging        | 4 |  4.2
Shields        | 4 |  4.3

Action                   |  1- 3 |  4- 6 |  7- 9 || total
-------------------------+-------+-------+-------++-------
Melee: Long sword        |    51 |   117 |    41 ||   209
       Constrict         |    13 |    31 |    16 ||    60
       Tentacles         |     7 |    17 |     8 ||    32
       Punch             |       |       |     1 ||     1
Throw: Dart              |       |       |     1 ||     1
  Use: Scroll            |       |     4 |     7 ||    11
 Stab: Sleeping          |    10 |    13 |     3 ||    26
Armor: Skin              |     3 |     3 |     1 ||     7
Dodge: Dodged            |    18 |    47 |    31 ||    96
Block: Kite shield       |    13 |    38 |    31 ||    82
       Rpst.: Long sword |     6 |    11 |     9 ||    26

Table legend: (Time is in decaauts)
 A = Elapsed time spent in this place.
 B = Non-inter-level travel time spent in this place.
 C = Inter-level travel time spent in this place.
 D = Time resting spent in this place.
 E = Time spent auto-exploring this place.
 F = Levels seen in this place.
 G = Mean time per level.
                   A        B        C        D        E       F      G
               +--------+--------+--------+--------+--------+-----+--------+
         Total |   5492 |   5351 |    141 |    721 |   3873 |   6 |  915.3 |
       Dungeon |   5492 |   5351 |    141 |    721 |   3873 |   6 |  915.3 |
               +--------+--------+--------+--------+--------+-----+--------+

Top non-repeatable levels by time:
     D:1: 1567 daAuts
     D:2: 1182 daAuts
     D:4: 1177 daAuts
     D:3: 1045 daAuts
     D:5: 475 daAuts
     D:8: 45 daAuts
